 Dungeon Crawl Stone Soup version 0.30-a0-1103-g25895a7845 (webtiles) character file.

Game seed: 5228386058853291383

240 jasper the Ruffian (level 5, 0/53 HPs)
             Began as a Troll Cinder Acolyte on Apr 18, 2023.
             Was a High Priest of Ignis.
             Killed by divine providence
             ... invoked by an orc priest
              (12 damage)
             ... on level 4 of the Dungeon.
             The game lasted 00:02:15 (1065 turns).

jasper the Ruffian (Troll Cinder Acolyte)           Turns: 1065, Time: 00:02:16

Health: 0/53       AC: 13    Str: 22    XL:     5   Next: 80%
Magic:  5/5        EV:  9    Int: 12    God:    Ignis [*****.]
Gold:   78         SH:  0    Dex:  5    Spells: 6/6 levels left

rFire   + . .      SeeInvis .      - Unarmed
rCold   . . .      Faith    .    (no shield)
rNeg    + . .      Spirit   .    k - +2 robe {rN+}
rPois   .          Reflect  .    (helmet restricted)
rElec   .          Rampage  .    (no cloak)
rCorr   .                        (gloves unavailable)
Will    .....                    (boots unavailable)
Stlth   +                        (no amulet)
HPRegen 1.08/turn                (no ring)
MPRegen 0.09/turn                (no ring)

@: lethally poisoned (0 -> -1), fiery-armoured
A: large, unfitting armour, claws 3, regeneration 1, shaggy fur 1, tough skin 1
a: Renounce Religion, Fiery Armour, Foxfire Swarm, Rising Flame


You were on level 4 of the Dungeon.
You worshipped Ignis.
Ignis was extremely pleased with you.
You visited 1 branch of the dungeon, and saw 4 of its levels.

You collected 78 gold pieces.

Inventory:

Missiles
 c - 11 stones (quivered)
 j - 3 poisoned darts
Armour
 a - a +0 robe
 k - a +2 robe of positive energy (worn)
Wands
 e - a wand of iceblast (13)
Scrolls
 b - a scroll of teleportation {unknown}
 g - a scroll of enchant armour {unknown}
 i - 2 scrolls of amnesia {unknown}
 l - a scroll of vulnerability {unknown}
Potions
 d - 2 potions of mutation {unknown}
 f - 2 potions of curing {unknown}
 h - a potion of lignification {unknown}


   Skills:
 + Level 3.4 Fighting
 + Level 2.1 Dodging
 * Level 5.1 Unarmed Combat
 - Level 1.0 Spellcasting
 - Level 2.1 Fire Magic


You had 6 spell levels left.
You didn't know any spells.
Your spell library contained the following spells:

 Spells                   Type           Power      Damage    Failure   Level
 Scorch                   Fire           10%        2d5       19%         2
 Lesser Beckoning         Tloc           0%         N/A       41%         2
 Gell's Gravitas          Tloc           0%         N/A       65%         3
 Teleport Other           Tloc           0%         N/A       65%         3


Dungeon Overview and Level Annotations

Branches:
Dungeon (4/15)
 Temple: D:4-7

Altars:


Innate Abilities, Weirdness & Mutations

You are too large for most types of armour.
You have claws for hands.
Your natural rate of healing is unusually fast.
You are covered in fur. (AC +1)
You have tough skin. (AC +1)


Message History

The orc priest calls down the wrath of Beogh upon you.
Beogh smites you!
You take 11 damage, and have 25/53 hp.
MASSIVE DAMAGE!!
You scratch the hobgoblin.
The hobgoblin is moderately wounded.
Something hits you but does no damage.
The hobgoblin hits you but does no damage.
The hobgoblin is burned by your cloak of flames.
The hobgoblin is severely wounded.
The orc priest barely misses you. The scorpion stings you.
You are poisoned.
The scorpion poisons you!
The scorpion is burned by your cloak of flames.
The scorpion is moderately wounded.
You take 3 damage, and have 22/53 hp.
You barely miss the scorpion.
The scorpion is moderately wounded.
You feel very sick. Something hits you but does no damage.
The scorpion stings you.
* * * LOW HITPOINT WARNING * * *
The hobgoblin hits you but does no damage.
The hobgoblin is burned by your cloak of flames.
You kill the hobgoblin!
The orc priest closely misses you.
You take 8 damage, and have 14/53 hp.
You claw the scorpion!
The scorpion is severely wounded.
You feel sick.
The scorpion stings you but does no damage.
Something hits you.
* * * LOW HITPOINT WARNING * * *
The orc priest barely misses you.
You take 2 damage, and have 12/53 hp.
You barely miss the scorpion.
The scorpion is severely wounded.
You feel sick. The scorpion barely misses you.
Something hits you but does no damage.
The orc priest calls down the wrath of Beogh upon you.
Beogh smites you!
You die...

#####.....### ###...#
..##....######...###
#.##.##.[....††.....
.######.##.######..###.###
..................## #..##
########..###...### ##.##
##.##..#....####<.)
##)o..## ##.......)
#s@#..# #.....)#. #.?{...#
#.)...##. #...##.#
#......#. ....## .#
#........ #...## .
........#.. .....
..#.#.....#.# #.#.##
#.#######.# ..#. . . . #


You could see a scorpion and an orc priest.

Vanquished Creatures
  An ogre (D:3)
  An iguana (D:4)
  An orc wizard (D:4)
  3 gnolls
  4 adders
  2 worms (D:2)
  2 dart slugs
  4 orcs
  3 ball pythons
  An endoplasm (D:2)
  3 giant cockroaches
  6 goblins
  5 hobgoblins
  A quokka (D:1)
  3 bats
  A frilled lizard (D:2)
  3 kobolds
  5 rats
49 creatures vanquished.

Notes
Turn   | Place    | Note
-------+----------+-------------------------------------------
     0 | D:1      | jasper the Troll Cinder Acolyte began the quest for the
                  | Orb.
     0 | D:1      | Reached XP level 1. HP: 22/22 MP: 1/1
   158 | D:1      | Reached XP level 2. HP: 29/29 MP: 2/2
   354 | D:2      | Reached XP level 3. HP: 36/36 MP: 3/3
   363 | D:2      | Reached skill level 1 in Dodging
   428 | D:2      | Reached skill level 4 in Unarmed Combat
   481 | D:3      | Reached XP level 4. HP: 44/44 MP: 4/4
   795 | D:3      | Noticed an ogre
   799 | D:3      | Killed an ogre
   800 | D:3      | Reached XP level 5. HP: 53/53 MP: 5/5
  1004 | D:4      | Reached skill level 5 in Unarmed Combat
  1065 | D:4      | Killed from afar by an orc priest

Illustrated notes

Levels and vault maps discovered:
D:1:      dpeg_arrival_solitude, layout_basic
D:2:      layout_basic, serial_glass, glass_columns_a, glass_columns_a,
          glass_columns_a, glass_columns_a, minmay_misc_feat_doors
D:3:      layout_basic, lemuel_tele_altar, serial_shops,
          nicolae_shop_bloodbath_and_beyond
D:4:      layout_rooms

Skill      XL: |  1  2  3  4  5 |
---------------+----------------+-----
Dodging        | 1 2 |  2.1
Unarmed Combat | 4 5 |  5.1
Fighting       | 3 |  3.4
Spellcasting   | |  1.0
Fire Magic     | |  2.1

Action                     |  1- 3 |  4- 6 || total
---------------------------+-------+-------++-------
  Melee: Unarmed           |    82 |    56 ||   138
         Punch             |     1 |     1 ||     2
 Invoke: Fiery Armour      |       |     1 ||     1
  Evoke: Wand              |       |     3 ||     3
 Armour: Robe              |    36 |    28 ||    64
  Dodge: Dodged            |    39 |    22 ||    61

Table legend: (Time is in decaauts)
 A = Elapsed time spent in this place.
 B = Non-inter-level travel time spent in this place.
 C = Inter-level travel time spent in this place.
 D = Time resting spent in this place.
 E = Time spent auto-exploring this place.
 F = Levels seen in this place.
 G = Mean time per level.
                   A        B        C        D        E       F      G
               +--------+--------+--------+--------+--------+-----+--------+
         Total |   1054 |   1016 |     38 |      0 |    623 |   4 |  263.5 |
       Dungeon |   1054 |   1016 |     38 |      0 |    623 |   4 |  263.5 |
               +--------+--------+--------+--------+--------+-----+--------+

Top non-repeatable levels by time:
     D:3: 471 daAuts
     D:2: 286 daAuts
     D:1: 179 daAuts
     D:4: 116 daAuts
